 Dungeon Crawl Stone Soup version 0.31.0-9-g3a7656b989 (webtiles) character file.

Game seed: 13254650018899491465

79930 qw the Spry (level 15, -5/75 HPs)
             Began as a Spriggan Hunter on Feb 2, 2024.
             Was a High Priest of Okawaru.
             Killed from afar by Jorgrun (15 damage)
             ... with an iron shot
             ... on level 15 of the Dungeon.
             The game lasted 00:02:41 (18510 turns).

qw the Spry (Spriggan Hunter)                      Turns: 18510, Time: 00:02:42

Health: -5/75      AC: 15    Str:  7    XL:     15   Next: 22%
Magic:  19/23      EV: 53    Int: 11    God:    Okawaru [*****.]
Gold:   986        SH:  0    Dex: 32    Spells: 14/14 levels left

rFire   . . .        x - +2 arbalest (flame)
rCold   . . .        (shield currently unavailable)
rNeg    . . .        p - +5 steam dragon scales
rPois   .            v - +2 hat
rElec   .            b - +2 cloak
rCorr   .            (gloves unavailable)
SInv    +            (boots unavailable)
Will    ++...        n - amulet of faith
Stlth   +++          u - +6 ring of dexterity
HPRegen 0.32/turn    o - +5 ring of evasion
MPRegen 0.18/turn

%: faith
@: about to teleport, finesse-ful, very quick
A: very small, no large weapons, unfitting armour, see invisible, speed 3
a: Renounce Religion, Heroism, Finesse, Duel


You were on level 15 of the Dungeon.
You worshipped Okawaru.
Okawaru was extremely pleased with you.
You visited 2 branches of the dungeon, and saw 20 of its levels.

You collected 2857 gold pieces.
You spent 1871 gold pieces at shops.


Innate Abilities, Weirdness & Mutations

You are very small and have problems with some larger weapons.
You are too small for most types of armour.
You have supernaturally acute eyesight. (SInv)
You cover ground extremely quickly. (Speed+++)


   Skills:
 - Level 7.2 Fighting
 - Level 18.0 Ranged Weapons
 - Level 2.1 Armour
 + Level 20.9 Dodging
 - Level 1.5 Stealth
 - Level 10.0 Invocations


You had 14 spell levels left.
You didn't know any spells.
Your spell library was empty.

Inventory:

Hand Weapons
 x - a +2 arbalest of flaming (weapon)
Armour
 b - a +2 cloak (worn)
 p - +5 steam dragon scales (worn)
 v - a +2 hat (worn)
Jewellery
 c - an amulet of reflection
 n - an amulet of faith (around neck)
 o - a +5 ring of evasion (right hand)
 t - a ring of protection from fire
 u - a +6 ring of dexterity (left hand)
Wands
 a - a wand of iceblast (14)
 d - a wand of acid (5)
 h - a wand of mindburst (10)
 i - a wand of paralysis (14)
 m - a wand of polymorph (30)
Scrolls
 g - 7 scrolls of teleportation
 r - 10 scrolls of identify
Potions
 e - 8 potions of curing
 j - 3 potions of might
 k - 3 potions of mutation
 l - a potion of resistance
 q - 3 potions of magic
 s - 2 potions of enlightenment
 w - a potion of cancellation

Dungeon Overview and Level Annotations

Branches:
Dungeon (15/15)            Temple (0/1) D:5            Lair (5/5) D:11
  Swamp (0/4) Lair:3       Spider (0/4) Lair:3        Slime (0/5) Lair:4
    Orc (0/2) D:11         Vaults (0/5) D:14
 Depths: D:15

Altars:
Cheibriados
Elyvilon
Gozag
Kikubaaqudgha
Nemelex Xobeh
Okawaru
Ru
Sif Muna
Trog
Uskayaw
Yredelemnul
Jiyva

Shops:
D:5 ==**=   D:8 *   D:11 [   D:14 ?

Annotations:
D:3 2 transporters, qw's ghost, amateur DEHu
D:8 3 runed translucent doors, qw's ghost, novice DEHu
D:15 Agnes; Jorgrun; Louise
Lair:1 2 transporters, qw's ghost, journeyman DEHu
Lair:3 3 runed translucent doors, qw's ghost, journeyman SpHu
Lair:5 2 runed translucent doors


Message History

You shoot a bolt. The bolt hits Agnes!
The bolt burns Agnes.
Agnes is heavily wounded.
Agnes completely misses you.
The boulder beetle curls into a ball and begins rolling!
You shoot a bolt. The bolt misses Agnes.
Agnes completely misses you.
Agnes hits you with a +1 lajatang of speed!
You shoot a bolt. The bolt completely misses Agnes.
Agnes hits you with a +1 lajatang of speed!!
You shoot a bolt. The bolt misses Agnes.
Agnes completely misses you. The boulder beetle hits you!!!
The boulder beetle stops rolling and uncurls.
18505 ||| READING 9 scrolls of teleportation.
As you read the scroll of teleportation, it crumbles to dust.
You feel strangely unstable. Agnes closely misses you. Agnes barely misses you.
The boulder beetle misses you. Agnes closely misses you.
18506 ||| DRINKING potion of heal wounds.
You feel much better. Agnes completely misses you. x2
The boulder beetle completely misses you.
You shoot a bolt. The bolt hits Agnes!!
The bolt burns Agnes.
Agnes is severely wounded.
Agnes hits you with a +1 lajatang of speed!!
Agnes completely misses you.
You shoot a bolt. The bolt closely misses Agnes.
Your surroundings suddenly seem different.
Louise, Jorgrun and a wolf spider come into view.
Louise is wielding a +1 heavy trident and wearing a +2 chain mail of cold resistance.
Jorgrun is wielding a +0 heavy quarterstaff.
18509 ||| READING 8 scrolls of teleportation.
As you read the scroll of teleportation, it crumbles to dust.
You feel strangely unstable.
Jorgrun shouts!
Jorgrun points at you and mumbles some strange words.
You resist with almost no effort. Louise completely misses you.
You shoot a bolt. The bolt hits Louise!
The bolt burns Louise.
Louise is lightly wounded.
Jorgrun casts a spell at you. The iron shot hits you!
You die...

#...#
#...#
#...#
#...#
#g..#
#...#
#@..# ..#
#..@# ..#
#...# ..#
#...# ..#
#..s#
..####
#...#
###.....$
....#
..B..#
###...
.....#
#...
###i.#


You could see Jorgrun, Louise and a wolf spider.

Vanquished Creatures
  Rupert (D:14)
  Kirke (D:13)
  4 vault guards (D:14)
  4 hydras
  Harold (D:11)
  3 two-headed ogres
  2 centaur warriors (D:13)
  Erolcha (D:9)
  2 catoblepae
  2 boulder beetles
  A death knight (D:14)
  4 tengu warriors
  2 skysharks
  12 skeletal warriors
  2 lindwurms (Lair:5)
  2 orc knights
  7 deep elf pyromancers
  3 cyclopes
  9 ugly things
  2 oklob plants (Lair:4)
  6 elephants (Lair:5)
  2 manticores (D:14)
  8 black mambas
  9 cane toads
  2 molten gargoyles (Lair:5)
  2 gargoyles
  Maggie (Lair:2)
  4 unseen horrors
  3 kobold demonologists
  7 rime drakes
  An efreet (D:15)
  5 freezing wraiths (D:14)
  16 komodo dragons
  A troll (shapeshifter) (D:14)
  4 blink frogs (Lair:1)
  4 trolls
  2 hornets
  7 dream sheep (Lair:3)
  8 slime creatures
  Sigmund (D:4)
  3 shadows
  6 wyverns
  3 wraiths
  4 hogs (D:13)
  5 basilisks
  A human (D:13)
  49 yaks
  A warg (D:15)
  6 steam dragons
  2 redbacks (Lair:3)
  13 vampire mosquitoes
  A swamp worm (Lair:3)
  An acid dragon (D:13)
  5 hell hounds (Lair:5)
  13 water moccasins
  6 orc warriors
  4 black bears
  3 laughing skulls
  3 ice beasts
  A hornet zombie (D:7)
  3 ogres
  10 wolves
  9 centaurs
  2 phantoms (D:6)
  3 kobold brigands
  Blork the orc (D:4)
  13 bullfrogs
  3 gnoll sergeants
  A wyvern zombie (D:7)
  4 scorpions
  2 water moccasin zombies (D:6)
  14 wights
  15 killer bees
  2 howler monkeys
  2 electric eels (Lair:3)
  5 lava snakes (Lair:5)
  2 bombardier beetles
  A bullfrog zombie (D:6)
  3 centaur zombies
  7 hounds
  7 orc priests
  A bullfrog skeleton (D:6)
  Terence (D:3)
  A sleepcap (D:7)
  12 orc wizards
  3 iguanas
  4 killer bee zombies
  A howler monkey zombie (D:6)
  Robin (D:3)
  10 gnolls
  A howler monkey skeleton (D:6)
  A river rat (Lair:2)
  16 adders
  2 shadow imps (D:6)
  2 ufetubi (D:6)
  2 dart slugs (D:1)
  A ribbon worm (D:4)
  37 orcs
  9 bats
  6 endoplasms
  4 giant cockroaches
  10 goblins
  4 hobgoblins
  3 jackals (D:2)
  22 kobolds
  6 quokkas
  6 ball pythons
  5 frilled lizards
  4 rats
572 creatures vanquished.

Notes
Turn   | Place    | Note
-------+----------+-------------------------------------------
     0 | D:1      | qw the Spriggan Hunter began the quest for the Orb.
     0 | D:1      | Reached XP level 1. HP: 10/10 MP: 2/2
     0 | D:1      | 0 ||| qw: Version: 0.3-a-155-g5e7d8dd
     0 | D:1      | 0 ||| qw: Game counter: 2630
     0 | D:1      | 0 ||| qw: Melee chars always use a shield: true
     0 | D:1      | 0 ||| qw: God list: Okawaru
     0 | D:1      | 0 ||| qw: Allow faded altars: false
     0 | D:1      | 0 ||| qw: Do Orc after clearing Dungeon:15 true
     0 | D:1      | 0 ||| qw: Do second Lair branch before Depths: true
     0 | D:1      | 0 ||| qw: Lair rune preference: random
     0 | D:1      | 0 ||| qw: Goals: Normal
     0 | D:1      | 0 ||| PLANNING D:1-11
    31 | D:1      | Reached skill level 3 in Dodging
    73 | D:1      | Reached XP level 2. HP: 12/14 MP: 3/3
   119 | D:1      | Reached skill level 4 in Dodging
   410 | D:1      | Reached XP level 3. HP: 18/18 MP: 4/4
   603 | D:1      | 603 ||| READING scroll labelled ZAKUXKA MIUMOE.
   603 | D:1      | 603 ||| IDENTIFYING sedimented dark potion
   604 | D:1      | 604 ||| READING scroll labelled DOG HAUJ OBITH.
   604 | D:1      | 604 ||| BRANDING +0 shortbow.
   605 | D:1      | 605 ||| READING 2 scrolls labelled NEKHLU QEAWIDE.
   606 | D:1      | 606 ||| READING 3 scrolls labelled PAIRPH NAHOEWN.
   609 | D:1      | 609 ||| READING scroll labelled FEWKOREKHLU.
   610 | D:1      | 610 ||| DROPPING scroll of butterflies.
   611 | D:1      | 611 ||| DROPPING scroll of immolation.
   612 | D:1      | 612 ||| DROPPING potion of lignification.
   657 | D:2      | Identified the +1 robe of Parip {rCorr}
   660 | D:2      | Identified the +10 hand axe "Zirph" {freeze, *Slow rC+ rN+}
   674 | D:2      | Reached XP level 4. HP: 22/22 MP: 5/5
   726 | D:2      | Found a basalt altar of Yredelemnul.
   789 | D:2      | 789 ||| FLEEEEING.
   828 | D:2      | Reached skill level 5 in Dodging
   960 | D:2      | Found a faded altar of an unknown god.
  1160 | D:2      | 1160 ||| UPGRADING to +1 robe of Parip {rCorr}.
  1170 | D:2      | 1170 ||| DROPPING +0 robe.
  1171 | D:2      | 1171 ||| UPGRADING to ring of positive energy.
  1172 | D:2      | 1172 ||| READING scroll of identify.
  1172 | D:2      | 1172 ||| IDENTIFYING bubbling cyan potion
  1173 | D:2      | 1173 ||| READING scroll labelled FAEN ZOCOHODO.
  1174 | D:2      | 1174 ||| DRINKING 2 fizzy red potions.
  1192 | D:3      | 1192 ||| STAIRDANCE
  1232 | D:3      | Found an iron altar of Okawaru.
  1233 | D:3      | 1233 ||| PLANNING OKAWARU WORSHIP
  1233 | D:3      | 1233 ||| READING scroll labelled APAOVENIANK.
  1233 | D:3      | 1233 ||| ENCHANTING +0 shortbow of electrocution.
  1237 | D:3      | Became a worshipper of Warmaster Okawaru
  1238 | D:3      | 1238 ||| PLANNING D:1-11
  1273 | D:3      | Found an opulent altar of Gozag.
  1334 | D:3      | Reached XP level 5. HP: 26/26 MP: 6/6
  1336 | D:3      | Found a sparkling altar of Nemelex Xobeh.
  1336 | D:3      | Noticed Terence
  1351 | D:3      | Found a white marble altar of Elyvilon.
  1465 | D:3      | Noticed Robin
  1471 | D:3      | Killed Robin
  1472 | D:3      | Reached skill level 6 in Ranged Weapons
  1703 | D:3      | Found a sacrificial altar of Ru.
  1746 | D:3      | Found a transporter.
  1746 | D:3      | Noticed an ogre
  1747 | D:3      | Noticed qw's ghost (amateur DEHu)
  1749 | D:3      | Noticed an ogre
  1756 | D:3      | HP: 6/26 [poisoned by an adder]
  1773 | D:3      | 1773 ||| FLEEEEING.
  1774 | D:3      | 1774 ||| FLEEEEING.
  1776 | D:3      | 1776 ||| FLEEEEING.
  1777 | D:3      | 1777 ||| FLEEEEING.
  1778 | D:3      | 1778 ||| FLEEEEING.
  1783 | D:3      | 1783 ||| FLEEEEING.
  1784 | D:3      | 1784 ||| STAIRDANCE
  1852 | D:2      | 1852 ||| UPGRADING to amulet of reflection.
  1857 | D:2      | 1857 ||| READING scroll labelled ROKAMASITO.
  1857 | D:2      | 1857 ||| ENCHANTING +0 shortbow of electrocution.
  1858 | D:2      | 1858 ||| DRINKING 2 bubbling clear potions.
  1859 | D:2      | 1859 ||| DROPPING potion of attraction.
  1892 | D:3      | Found a transporter.
  2013 | D:3      | 2013 ||| READING scroll labelled SAK SENOGEPTINAEPS.
  2068 | D:4      | 2068 ||| READING scroll labelled RIOGEA ZYFEUQU.
  2068 | D:4      | Identified a scroll of acquirement
  2068 | D:4      | 2068 ||| ACQUIRING 1097 gold pieces
  2068 | D:4      | Acquired 1097 gold pieces
  2122 | D:4      | Noticed Sigmund
  2124 | D:4      | Killed Sigmund
  2124 | D:4      | Reached * piety under Okawaru
  2125 | D:4      | Reached skill level 7 in Dodging
  2125 | D:4      | Reached XP level 6. HP: 30/30 MP: 7/7
  2284 | D:4      | 2284 ||| DRINKING 2 brown potions.
  2285 | D:4      | 2285 ||| DROPPING potion of degeneration.
  2295 | D:3      | Killed Terence
  2319 | D:4      | Reached skill level 1 in Invocations
  2326 | D:4      | Noticed Blork the orc
  2341 | D:4      | Killed Blork the orc
  2342 | D:4      | Reached XP level 7. HP: 15/35 MP: 7/9
  2345 | D:4      | 2345 ||| FLEEEEING.
  2348 | D:4      | 2348 ||| FLEEEEING.
  2349 | D:4      | 2349 ||| FLEEEEING.
  2351 | D:4      | 2351 ||| FLEEEEING.
  2352 | D:4      | 2352 ||| FLEEEEING.
  2599 | D:4      | Found a snail-covered altar of Cheibriados.
  2776 | D:4      | 2776 ||| UPGRADING to +4 ring of slaying {mikee}.
  2777 | D:4      | 2777 ||| READING scroll labelled IRUCAYPOCW.
  2784 | D:5      | Entered Level 5 of the Dungeon
  2784 | D:5      | Found Zorynev's Assorted Antiques.
  2800 | D:5      | 2800 ||| BUYING glowing orange potion (27 gold).
  2800 | D:5      | Bought a glowing orange potion for 27 gold pieces
  2800 | D:5      | 2800 ||| BUYING potion of curing (93 gold).
  2800 | D:5      | Bought a potion of curing for 93 gold pieces
  2800 | D:5      | 2800 ||| BUYING scroll of identify (62 gold).
  2800 | D:5      | Bought a scroll of identify for 62 gold pieces
  2800 | D:5      | 2800 ||| BUYING scroll of teleportation (93 gold).
  2800 | D:5      | Bought a scroll of teleportation for 93 gold pieces
  2800 | D:5      | 2800 ||| BUYING wand of paralysis (6) (446 gold).
  2800 | D:5      | Bought a wand of paralysis (6) for 446 gold pieces
  2800 | D:5      | 2800 ||| BUYING wand of polymorph (4) (173 gold).
  2800 | D:5      | Bought a wand of polymorph (4) for 173 gold pieces
  2817 | D:5      | HP: 6/35 [orc/+0 trident (8)]
  2818 | D:5      | 2818 ||| READING 5 scrolls of teleportation.
  2821 | D:5      | 2821 ||| READING 4 scrolls of teleportation.
  2822 | D:5      | HP: 6/35 [black bear (2)]
  2826 | D:5      | 2826 ||| READING 3 scrolls of teleportation.
  2843 | D:5      | Reached ** piety under Okawaru
  2844 | D:5      | Reached skill level 3 in Invocations
  2944 | D:5      | Found Ilyhonk's Jewellery Shop.
  2953 | D:5      | 2953 ||| BUYING +5 ring of evasion (468 gold).
  2953 | D:5      | Bought a +5 ring of evasion for 468 gold pieces
  2953 | D:5      | 2953 ||| SHOPLISTING amulet of faith (520 gold, have 4).
  2953 | D:5      | 2953 ||| SHOPLISTING ring of poison resistance (260 gold,
                  | have 4).
  2955 | D:5      | Identified the beast talisman "Yroemy" {rF+}
  2983 | D:5      | Found Inaw's Assorted Antiques.
  2991 | D:5      | 2991 ||| SHOPLISTING potion of curing (84 gold, have 4).
  2991 | D:5      | 2991 ||| SHOPLISTING scroll of identify (56 gold, have 4).
  2991 | D:5      | 2991 ||| SHOPLISTING wand of paralysis (5) (336 gold, have
                  | 4).
  3088 | D:5      | Found Keoplui's Jewellery Shop.
  3110 | D:5      | 3110 ||| SHOPLISTING +6 ring of dexterity (432 gold, have
                  | 36).
  3110 | D:5      | 3110 ||| SHOPLISTING ring of fire (300 gold, have 36).
  3110 | D:5      | 3110 ||| SHOPLISTING ring of protection from fire (300
                  | gold, have 36).
  3181 | D:5      | Found a staircase to the Ecumenical Temple.
  3253 | D:5      | Found Pysmeggy's Jewellery Boutique.
  3257 | D:5      | 3257 ||| SHOPLISTING +5 ring of evasion (540 gold, have
                  | 39).
  3257 | D:5      | 3257 ||| SHOPLISTING amulet "Xibley" {Regen+ rCorr} (639
                  | gold, have 39).
  3257 | D:5      | 3257 ||| SHOPLISTING amulet of faith (600 gold, have 39).
  3257 | D:5      | 3257 ||| SHOPLISTING ring "Gietel" {rN+ EV+5 Str+4 Stlth-}
                  | (813 gold, have 39).
  3257 | D:5      | 3257 ||| SHOPLISTING ring of fire (375 gold, have 39).
  3366 | D:5      | 3366 ||| DROPPING ring of ice.
  3367 | D:5      | 3367 ||| UPGRADING to +5 ring of evasion.
  3369 | D:5      | 3369 ||| DROPPING ring of positive energy.
  3370 | D:5      | 3370 ||| READING 2 scrolls of identify.
  3370 | D:5      | 3370 ||| IDENTIFYING fizzy white potion
  3371 | D:5      | 3371 ||| READING scroll of identify.
  3371 | D:5      | 3371 ||| IDENTIFYING fizzy dark potion
  3372 | D:5      | 3372 ||| DRINKING 2 viscous blue potions.
  3373 | D:5      | 3373 ||| DROPPING potion of berserk rage.
  3450 | D:6      | Reached XP level 8. HP: 39/39 MP: 12/12
  3541 | D:6      | Reached skill level 3 in Fighting
  3632 | D:6      | Reached *** piety under Okawaru
  3633 | D:6      | Reached skill level 8 in Dodging
  3718 | D:6      | Reached skill level 9 in Ranged Weapons
  3823 | D:6      | Found an ancient bone altar of Kikubaaqudgha.
  3867 | D:6      | Reached skill level 9 in Dodging
  3867 | D:6      | Reached XP level 9. HP: 44/44 MP: 13/13
  4151 | D:6      | Reached **** piety under Okawaru
  4152 | D:6      | Reached skill level 10 in Dodging
  4240 | D:6      | 4240 ||| READING 2 scrolls of identify.
  4240 | D:6      | 4240 ||| IDENTIFYING glowing orange potion
  4241 | D:6      | 4241 ||| READING scroll of identify.
  4241 | D:6      | 4241 ||| IDENTIFYING scroll labelled HUGGYMP ALIRCH
  4242 | D:6      | 4242 ||| DROPPING scroll of poison.
  4243 | D:6      | 4243 ||| DROPPING potion of ambrosia.
  4307 | D:7      | Found a flagged portal.
  4341 | D:7      | 4341 ||| RETREEEEATING.
  4367 | D:7      | Noticed a kobold demonologist
  4367 | D:7      | Noticed a deep elf pyromancer
  4368 | D:7      | 4368 ||| SWAPPING to +0 orcbow.
  4369 | D:7      | 4369 ||| INVOKING Finesse.
  4369 | D:7      | Noticed a red ugly thing
  4372 | D:7      | 4372 ||| RETREEEEATING.
  4372 | D:7      | Noticed a red ugly thing
  4376 | D:7      | 4376 ||| INVOKING Heroism.
  4388 | D:7      | Killed a green ugly thing
  4402 | D:7      | Killed a kobold demonologist
  4408 | D:7      | Killed a red ugly thing
  4408 | D:7      | Reached ***** piety under Okawaru
  4416 | D:7      | Reached skill level 6 in Invocations
  4426 | D:7      | Reached XP level 10. HP: 41/49 MP: 9/15
  4441 | D:7      | 4441 ||| INVOKING Finesse.
  4444 | D:7      | Killed a deep elf pyromancer
  4448 | D:7      | Received a gift from Okawaru
  4449 | D:7      | Reached skill level 11 in Dodging
  4536 | D:7      | 4536 ||| DROPPING +1 shortbow of electrocution.
  4692 | D:7      | Found a basalt altar of Yredelemnul.
  4768 | D:7      | Found a bloodstained altar of Trog.
  5066 | D:7      | 5066 ||| READING 4 scrolls of identify.
  5066 | D:7      | 5066 ||| IDENTIFYING puce potion
  5067 | D:7      | 5067 ||| READING 3 scrolls of identify.
  5067 | D:7      | 5067 ||| IDENTIFYING scroll labelled NULIFR CAINWATZ
  5068 | D:7      | 5068 ||| READING 2 scrolls of identify.
  5068 | D:7      | 5068 ||| IDENTIFYING scroll labelled CEET XAEFOMY
  5069 | D:7      | 5069 ||| READING scroll of identify.
  5069 | D:7      | 5069 ||| IDENTIFYING scroll labelled CEOFEIKHAUKK
  5070 | D:7      | 5070 ||| DROPPING scroll of fog.
  5071 | D:7      | 5071 ||| DROPPING scroll of vulnerability.
  5072 | D:7      | 5072 ||| DROPPING scroll of blinking.
  5103 | D:8      | 5103 ||| STAIRDANCE
  5195 | D:8      | 5195 ||| STAIRDANCE
  5256 | D:8      | 5256 ||| STAIRDANCE
  5264 | D:7      | 5264 ||| Stepping ~*~*~tactically~*~*~ (cloud).
  5388 | D:8      | Noticed qw's ghost (novice DEHu)
  5398 | D:8      | Found a runed translucent gate.
  5398 | D:8      | Found a runed translucent gate.
  5398 | D:8      | Found a runed translucent gate.
  5468 | D:8      | Found Vypoufuu's Changing Room.
  5480 | D:8      | 5480 ||| BUYING potion of mutation (120 gold).
  5480 | D:8      | Bought a potion of mutation for 120 gold pieces
  5480 | D:8      | 5480 ||| BUYING wand of polymorph (2) (42 gold).
  5480 | D:8      | Bought a wand of polymorph (2) for 42 gold pieces
  5480 | D:8      | 5480 ||| BUYING wand of polymorph (3) (63 gold).
  5480 | D:8      | Bought a wand of polymorph (3) for 63 gold pieces
  5480 | D:8      | 5480 ||| SHOPLISTING wand of polymorph (7) (147 gold, have
                  | 137).
  5825 | D:8      | Noticed a +0 dagger
  5834 | D:8      | Found a hide-covered altar of Uskayaw.
  5834 | D:8      | Noticed a +0 falchion
  5834 | D:8      | Noticed a +0 short sword
  5836 | D:8      | Noticed a +0 falchion
  5840 | D:8      | Noticed a +0 spear
  5841 | D:8      | Noticed a +0 short sword
  5842 | D:8      | Noticed a +0 spear
  5843 | D:8      | Noticed a +0 dagger
  6269 | D:9      | Found a shimmering blue altar of Sif Muna.
  6379 | D:9      | Received a gift from Okawaru
  6443 | D:9      | 6443 ||| Stepping ~*~*~tactically~*~*~ (cloud).
  6452 | D:9      | 6452 ||| INVOKING Finesse.
  6454 | D:9      | Reached skill level 12 in Dodging
  6454 | D:9      | Reached skill level 9 in Invocations
  6642 | D:9      | Reached XP level 11. HP: 53/53 MP: 18/18
  6645 | D:9      | Noticed Erolcha
  6647 | D:9      | 6647 ||| INVOKING Finesse.
  6663 | D:9      | 6663 ||| FLEEEEING.
  6664 | D:9      | 6664 ||| FLEEEEING.
  6665 | D:9      | 6665 ||| FLEEEEING.
  6666 | D:9      | 6666 ||| FLEEEEING.
  6667 | D:9      | 6667 ||| FLEEEEING.
  6668 | D:9      | 6668 ||| FLEEEEING.
  6669 | D:9      | 6669 ||| FLEEEEING.
  6672 | D:9      | 6672 ||| FLEEEEING.
  6674 | D:9      | 6674 ||| FLEEEEING.
  6675 | D:9      | 6675 ||| FLEEEEING.
  6680 | D:9      | 6680 ||| FLEEEEING.
  6681 | D:9      | 6681 ||| STAIRDANCE
  6775 | D:8      | 6775 ||| UPGRADING to +0 steam dragon scales.
  6785 | D:8      | 6785 ||| DROPPING +1 robe of Parip {rCorr}.
  6786 | D:8      | 6786 ||| READING 3 scrolls of enchant armour.
  6786 | D:8      | 6786 ||| ENCHANTING +0 steam dragon scales.
  6787 | D:8      | 6787 ||| READING 2 scrolls of enchant armour.
  6787 | D:8      | 6787 ||| ENCHANTING +1 steam dragon scales.
  6788 | D:8      | 6788 ||| READING scroll of enchant armour.
  6788 | D:8      | 6788 ||| ENCHANTING +2 steam dragon scales.
  6855 | D:9      | 6855 ||| INVOKING Finesse.
  6877 | D:9      | Killed Erolcha
  6878 | D:9      | Reached skill level 1 in Armour
  7070 | D:9      | 7070 ||| READING scroll of identify.
  7070 | D:9      | 7070 ||| IDENTIFYING 3 smoky dark potions
  7071 | D:9      | 7071 ||| DROPPING 3 potions of brilliance.
  7092 | D:10     | Entered Level 10 of the Dungeon
  7131 | D:10     | 7131 ||| RETREEEEATING.
  7135 | D:10     | 7135 ||| RETREEEEATING.
  7288 | D:10     | 7288 ||| RETREEEEATING.
  7410 | D:10     | 7410 ||| RETREEEEATING.
  7424 | D:10     | Received a gift from Okawaru
  7981 | D:10     | Reached skill level 12 in Ranged Weapons
  8012 | D:10     | 8012 ||| READING scroll of enchant weapon.
  8012 | D:10     | 8012 ||| ENCHANTING +0 orcbow.
  8205 | D:10     | 8205 ||| UPGRADING to +2 cloak.
  8210 | D:10     | 8210 ||| UPGRADING to amulet of faith.
  8434 | D:11     | Found a staircase to the Lair.
  8435 | D:11     | 8435 ||| RETREEEEATING.
  8438 | D:11     | 8438 ||| RETREEEEATING.
  8443 | D:11     | 8443 ||| RETREEEEATING.
  8445 | D:11     | 8445 ||| INVOKING Finesse.
  8446 | D:11     | 8446 ||| INVOKING Heroism.
  8593 | D:11     | Reached skill level 13 in Dodging
  8728 | D:11     | Found a staircase to the Orcish Mines.
  8729 | D:11     | Found Qakheass's Armour Emporium.
  8739 | D:11     | 8739 ||| READING scroll of enchant weapon.
  8739 | D:11     | 8739 ||| ENCHANTING +1 orcbow.
  9008 | D:11     | You fall into a shaft and drop 1 floor!
  9013 | D:12     | 9013 ||| READING scroll labelled BUDGHA JUKI.
  9114 | D:12     | 9114 ||| DROPPING scroll of torment.
  9116 | D:12     | Noticed a two-headed ogre
  9117 | D:12     | 9117 ||| INVOKING Finesse.
  9123 | D:12     | Killed a two-headed ogre
  9271 | D:11     | Noticed a two-headed ogre
  9272 | D:11     | 9272 ||| INVOKING Finesse.
  9277 | D:11     | Killed a two-headed ogre
  9311 | D:11     | Noticed Harold
  9312 | D:11     | 9312 ||| INVOKING Finesse.
  9323 | D:11     | Killed Harold
  9324 | D:11     | Reached XP level 12. HP: 60/60 MP: 15/20
  9579 | D:11     | Noticed a two-headed ogre
  9580 | D:11     | 9580 ||| INVOKING Finesse.
  9586 | D:11     | Killed a two-headed ogre
  9638 | D:11     | 9638 ||| PLANNING LAIR
  9678 | Lair:1   | Entered Level 1 of the Lair of Beasts
  9790 | Lair:1   | Reached skill level 14 in Dodging
  9892 | Lair:1   | 9892 ||| RETREEEEATING.
  9893 | Lair:1   | 9893 ||| RETREEEEATING.
  9895 | Lair:1   | 9895 ||| RETREEEEATING.
  9913 | Lair:1   | Received a gift from Okawaru
 10086 | Lair:1   | 10086 ||| RETREEEEATING.
 10096 | Lair:1   | 10096 ||| RETREEEEATING.
 10097 | Lair:1   | 10097 ||| RETREEEEATING.
 10100 | Lair:1   | 10100 ||| RETREEEEATING.
 10103 | Lair:1   | 10103 ||| RETREEEEATING.
 10104 | Lair:1   | 10104 ||| RETREEEEATING.
 10134 | Lair:1   | Found a transporter.
 10138 | Lair:1   | Noticed qw's ghost (journeyman DEHu)
 10139 | Lair:1   | Found a transporter.
 10561 | Lair:2   | Noticed Maggie
 10562 | Lair:2   | 10562 ||| RETREEEEATING.
 10563 | Lair:2   | 10563 ||| RETREEEEATING.
 10564 | Lair:2   | 10564 ||| RETREEEEATING.
 10565 | Lair:2   | 10565 ||| RETREEEEATING.
 10566 | Lair:2   | 10566 ||| RETREEEEATING.
 10567 | Lair:2   | 10567 ||| RETREEEEATING.
 10568 | Lair:2   | 10568 ||| RETREEEEATING.
 10569 | Lair:2   | 10569 ||| RETREEEEATING.
 10570 | Lair:2   | 10570 ||| RETREEEEATING.
 10571 | Lair:2   | 10571 ||| RETREEEEATING.
 10572 | Lair:2   | 10572 ||| RETREEEEATING.
 10573 | Lair:2   | 10573 ||| RETREEEEATING.
 10595 | Lair:2   | Killed Maggie
 10608 | Lair:2   | Noticed a catoblepas
 10609 | Lair:2   | 10609 ||| INVOKING Finesse.
 10614 | Lair:2   | 10614 ||| Stepping ~*~*~tactically~*~*~ (cloud).
 10616 | Lair:2   | 10616 ||| Stepping ~*~*~tactically~*~*~ (cloud).
 10619 | Lair:2   | Killed a catoblepas
 10619 | Lair:2   | Received a gift from Okawaru
 10620 | Lair:2   | Reached skill level 15 in Dodging
 10831 | Lair:2   | Reached skill level 6 in Fighting
 10837 | Lair:2   | 10837 ||| READING scroll of enchant armour.
 10837 | Lair:2   | 10837 ||| ENCHANTING +3 steam dragon scales.
 11066 | Lair:2   | Noticed a five-headed hydra
 11067 | Lair:2   | 11067 ||| RETREEEEATING.
 11070 | Lair:2   | 11070 ||| RETREEEEATING.
 11072 | Lair:2   | 11072 ||| INVOKING Finesse.
 11078 | Lair:2   | Killed a five-headed hydra
 11566 | Lair:2   | 11566 ||| UPGRADING to +6 ring of dexterity.
 11568 | Lair:2   | 11568 ||| UPGRADING to +5 ring of evasion.
 11570 | Lair:2   | 11570 ||| DROPPING +4 ring of slaying {mikee}.
 11634 | Lair:3   | Found a hole to the Spider Nest.
 11686 | Lair:3   | Reached XP level 13. HP: 45/65 MP: 21/21
 11688 | Lair:3   | 11688 ||| RETREEEEATING.
 11689 | Lair:3   | 11689 ||| RETREEEEATING.
 11690 | Lair:3   | 11690 ||| RETREEEEATING.
 11691 | Lair:3   | 11691 ||| RETREEEEATING.
 11692 | Lair:3   | 11692 ||| RETREEEEATING.
 11693 | Lair:3   | 11693 ||| RETREEEEATING.
 11694 | Lair:3   | 11694 ||| RETREEEEATING.
 11695 | Lair:3   | 11695 ||| RETREEEEATING.
 11696 | Lair:3   | 11696 ||| RETREEEEATING.
 11697 | Lair:3   | 11697 ||| RETREEEEATING.
 11698 | Lair:3   | 11698 ||| RETREEEEATING.
 11699 | Lair:3   | 11699 ||| RETREEEEATING.
 11700 | Lair:3   | 11700 ||| RETREEEEATING.
 11701 | Lair:3   | 11701 ||| RETREEEEATING.
 11703 | Lair:3   | 11703 ||| RETREEEEATING.
 11704 | Lair:3   | 11704 ||| RETREEEEATING.
 11705 | Lair:3   | 11705 ||| RETREEEEATING.
 11712 | Lair:3   | 11712 ||| RETREEEEATING.
 11839 | Lair:3   | Found a frozen archway.
 12006 | Lair:3   | Received a gift from Okawaru
 12007 | Lair:3   | Reached skill level 16 in Dodging
 12229 | Lair:3   | Found a runed translucent gate.
 12230 | Lair:3   | Found a runed translucent gate.
 12230 | Lair:3   | Found a runed translucent gate.
 12274 | Lair:3   | Noticed qw's ghost (journeyman SpHu)
 12329 | Lair:3   | 12329 ||| INVOKING Finesse.
 12402 | Lair:3   | 12402 ||| RETREEEEATING.
 12809 | Lair:3   | Found a staircase to the Swamp.
 12986 | Lair:3   | 12986 ||| DROPPING ring of magical power.
 12987 | Lair:3   | 12987 ||| READING 3 scrolls of identify.
 12987 | Lair:3   | 12987 ||| IDENTIFYING golden potion
 12988 | Lair:3   | 12988 ||| READING 2 scrolls of identify.
 12988 | Lair:3   | 12988 ||| IDENTIFYING red potion
 13044 | Lair:4   | Reached skill level 17 in Dodging
 13277 | Lair:4   | 13277 ||| RETREEEEATING.
 13291 | Lair:4   | 13291 ||| RETREEEEATING.
 13293 | Lair:4   | 13293 ||| RETREEEEATING.
 13294 | Lair:4   | 13294 ||| RETREEEEATING.
 13297 | Lair:4   | 13297 ||| RETREEEEATING.
 13299 | Lair:4   | Received a gift from Okawaru
 13310 | Lair:4   | Reached skill level 15 in Ranged Weapons
 13323 | Lair:4   | 13323 ||| RETREEEEATING.
 13327 | Lair:4   | 13327 ||| RETREEEEATING.
 13328 | Lair:4   | 13328 ||| RETREEEEATING.
 13330 | Lair:4   | 13330 ||| RETREEEEATING.
 13331 | Lair:4   | 13331 ||| RETREEEEATING.
 13643 | Lair:4   | 13643 ||| RETREEEEATING.
 13645 | Lair:4   | 13645 ||| RETREEEEATING.
 13647 | Lair:4   | 13647 ||| RETREEEEATING.
 13649 | Lair:4   | 13649 ||| RETREEEEATING.
 13651 | Lair:4   | 13651 ||| RETREEEEATING.
 13658 | Lair:4   | 13658 ||| RETREEEEATING.
 13877 | Lair:4   | Found a viscous altar of Jiyva.
 13963 | Lair:4   | Found a staircase to the Slime Pits.
 14037 | Lair:5   | Entered Level 5 of the Lair of Beasts
 14038 | Lair:5   | 14038 ||| STAIRDANCE
 14042 | Lair:5   | 14042 ||| STAIRDANCE
 14068 | Lair:5   | Reached ****** piety under Okawaru
 14068 | Lair:5   | Received a gift from Okawaru
 14069 | Lair:5   | Reached skill level 18 in Dodging
 14069 | Lair:5   | 14069 ||| INVOKING Receive Weapon.
 14069 | Lair:5   | 14069 ||| ACQUIRING +1 arbalest of flaming
 14069 | Lair:5   | Acquired a +1 arbalest of flaming
 14069 | Lair:5   | Received a gift from Okawaru
 14070 | Lair:5   | 14070 ||| INVOKING Receive Armour.
 14070 | Lair:5   | 14070 ||| ACQUIRING +2 hat
 14070 | Lair:5   | Acquired a +2 hat
 14070 | Lair:5   | Received a gift from Okawaru
 14072 | Lair:5   | 14072 ||| SWAPPING to +1 arbalest of flaming.
 14073 | Lair:5   | 14073 ||| DROPPING +2 orcbow.
 14148 | Lair:5   | 14148 ||| RETREEEEATING.
 14150 | Lair:5   | 14150 ||| RETREEEEATING.
 14151 | Lair:5   | 14151 ||| RETREEEEATING.
 14152 | Lair:5   | 14152 ||| RETREEEEATING.
 14153 | Lair:5   | 14153 ||| RETREEEEATING.
 14154 | Lair:5   | 14154 ||| RETREEEEATING.
 14155 | Lair:5   | 14155 ||| RETREEEEATING.
 14156 | Lair:5   | 14156 ||| RETREEEEATING.
 14157 | Lair:5   | 14157 ||| RETREEEEATING.
 14158 | Lair:5   | 14158 ||| RETREEEEATING.
 14249 | Lair:5   | Received a gift from Okawaru
 14259 | Lair:5   | 14259 ||| RETREEEEATING.
 14260 | Lair:5   | 14260 ||| RETREEEEATING.
 14264 | Lair:5   | 14264 ||| RETREEEEATING.
 14266 | Lair:5   | 14266 ||| RETREEEEATING.
 14267 | Lair:5   | 14267 ||| RETREEEEATING.
 14412 | Lair:5   | Received a gift from Okawaru
 14691 | Lair:5   | Reached XP level 14. HP: 72/72 MP: 22/22
 14795 | Lair:5   | Found a large runed translucent door.
 14795 | Lair:5   | Found a large runed translucent door.
 15133 | Lair:5   | 15133 ||| PLANNING D
 15133 | Lair:5   | 15133 ||| UPGRADING to +2 hat.
 15601 | D:12     | 15601 ||| INVOKING Finesse.
 15602 | D:12     | Received a gift from Okawaru
 15618 | D:12     | Reached skill level 19 in Dodging
 16204 | D:13     | Noticed Kirke
 16207 | D:13     | 16207 ||| INVOKING Finesse.
 16219 | D:13     | Killed Kirke
 16292 | D:13     | 16292 ||| INVOKING Finesse.
 16615 | D:13     | Identified the +2 leather armour of the Stars {Will+
                  | Slay+3}
 16633 | D:13     | 16633 ||| RETREEEEATING.
 16641 | D:13     | 16641 ||| INVOKING Finesse.
 16644 | D:13     | Received a gift from Okawaru
 17171 | D:14     | 17171 ||| RETREEEEATING.
 17172 | D:14     | 17172 ||| RETREEEEATING.
 17173 | D:14     | 17173 ||| RETREEEEATING.
 17174 | D:14     | 17174 ||| INVOKING Finesse.
 17178 | D:14     | Reached skill level 20 in Dodging
 17330 | D:14     | 17330 ||| RETREEEEATING.
 17331 | D:14     | 17331 ||| RETREEEEATING.
 17333 | D:14     | 17333 ||| RETREEEEATING.
 17337 | D:14     | 17337 ||| INVOKING Finesse.
 17348 | D:14     | Received a gift from Okawaru
 17419 | D:14     | Found a gate to the Vaults.
 17420 | D:14     | 17420 ||| RETREEEEATING.
 17421 | D:14     | 17421 ||| RETREEEEATING.
 17422 | D:14     | 17422 ||| RETREEEEATING.
 17423 | D:14     | 17423 ||| RETREEEEATING.
 17424 | D:14     | 17424 ||| RETREEEEATING.
 17428 | D:14     | 17428 ||| INVOKING Finesse.
 17455 | D:14     | 17455 ||| RETREEEEATING.
 17456 | D:14     | 17456 ||| RETREEEEATING.
 17457 | D:14     | 17457 ||| RETREEEEATING.
 17458 | D:14     | 17458 ||| RETREEEEATING.
 17459 | D:14     | 17459 ||| RETREEEEATING.
 17460 | D:14     | 17460 ||| RETREEEEATING.
 17473 | D:14     | 17473 ||| RETREEEEATING.
 17481 | D:14     | 17481 ||| INVOKING Finesse.
 17483 | D:14     | HP: 5/72 [vault guard/+0 war axe (18)]
 17484 | D:14     | 17484 ||| READING 10 scrolls of teleportation.
 17485 | D:14     | 17485 ||| DRINKING 2 potions of heal wounds.
 17628 | D:14     | 17628 ||| INVOKING Finesse.
 17683 | D:14     | Noticed Rupert
 17684 | D:14     | 17684 ||| INVOKING Finesse.
 17689 | D:14     | Reached skill level 18 in Ranged Weapons
 17698 | D:14     | Killed Rupert
 17699 | D:14     | Reached XP level 15. HP: 75/75 MP: 18/23
 17745 | D:14     | Received a gift from Okawaru
 17855 | D:14     | 17855 ||| RETREEEEATING.
 17857 | D:14     | 17857 ||| RETREEEEATING.
 17861 | D:14     | 17861 ||| RETREEEEATING.
 17960 | D:14     | Found Hiaq's Magic Scroll Boutique.
 17966 | D:14     | 17966 ||| BUYING scroll of enchant armour (112 gold).
 17966 | D:14     | Bought a scroll of enchant armour for 112 gold pieces
 17966 | D:14     | 17966 ||| BUYING scroll of enchant weapon (112 gold).
 17966 | D:14     | Bought a scroll of enchant weapon for 112 gold pieces
 17966 | D:14     | 17966 ||| BUYING scroll of identify (30 gold).
 17966 | D:14     | Bought a scroll of identify for 30 gold pieces
 17966 | D:14     | 17966 ||| BUYING scroll of identify (30 gold).
 17966 | D:14     | Bought a scroll of identify for 30 gold pieces
 17966 | D:14     | 17966 ||| READING scroll of enchant armour.
 17966 | D:14     | 17966 ||| ENCHANTING +4 steam dragon scales.
 17967 | D:14     | 17967 ||| READING scroll of enchant weapon.
 17967 | D:14     | 17967 ||| ENCHANTING +1 arbalest of flaming.
 18097 | D:14     | 18097 ||| DROPPING +6 ring of strength.
 18126 | D:15     | Entered Level 15 of the Dungeon
 18131 | D:15     | 18131 ||| STAIRDANCE
 18184 | D:15     | 18184 ||| STAIRDANCE
 18494 | D:15     | Noticed Agnes
 18495 | D:15     | 18495 ||| INVOKING Finesse.
 18504 | D:15     | HP: 6/75 [boulder beetle (37)]
 18505 | D:15     | 18505 ||| READING 9 scrolls of teleportation.
 18506 | D:15     | 18506 ||| DRINKING potion of heal wounds.
 18508 | D:15     | Noticed Louise
 18508 | D:15     | Noticed Jorgrun
 18509 | D:15     | 18509 ||| READING 8 scrolls of teleportation.
 18510 | D:15     | Killed from afar by Jorgrun

Levels and vault maps discovered:
D:1:      sevenhm_arrival_forest_fort_large_4, layout_rooms
D:2:      minmay_evil_eye, layout_rooms, basic_altar,
          ebering_ecumenical_altar_mist, serial_curves, eino_curves_04,
          eino_curves_03
D:3:      layout_basic, lemuel_crystal_altar, okawaru_metal_pillars_1_2,
          nicolae_overflow_hidden_temple,
          nicolae_gozag_cash_rules_everything_around_me, amcnicky_altar_gilded,
          gammafunk_ghost_smash, serial_corexii_hall, corexii_hall_statues_u,
          chequers_hall_statues_corner_a, chequers_hall_statues_y,
          corexii_hall_statues_s, st_stairs_6, corexii_item_surrounded_by_moat,
          dk_vineyard_3, uniq_robin, uniq_terence
D:4:      layout_loops_ring, mainiacjoe_overflow_chevrons, uniq_sigmund,
          uniq_blork_the_orc
D:5:      layout_cave_pools, minmay_temple_entry_antechambers, serial_shops,
          nicolae_shop_tiny_waterfront, nicolae_shop_crystal, shop, shop,
          nicolae_shop_tiny_statue_garden
D:6:      layout_basic, lemuel_coloured_pillars_altar, serial_undead,
          serial_undead_c, serial_undead_b, serial_undead_f, serial_undead_c,
          st_stairs_9, kennysheep_generic_room_12
D:7:      minmay_the_grid_plus [minmay_the_grid_empty, minmay_the_grid_x,
          minmay_the_grid_diamond_grid, minmay_the_grid_pillar_ring,
          minmay_the_grid_prize_big_room], layout_loops_ring,
          old_standard_altar, nicolae_yredelemnul_corpse_copse, enter_bailey_2
D:8:      layout_basic, nicolae_uskayaw_en_pointe, gammafunk_ghost_icy,
          hangedman_decor_diamond_cutter, nicolae_transmutations_shop,
          hangedman_decor_push, kennysheep_cross_bottleneck
D:9:      layout_roguey, led_sif_pool, minmay_increasing_density, uniq_erolcha
D:10:     layout_basic, grunt_ministairs_14
D:11:     wad_cavern_with_rooms, layout_basic, david_lair_generic, orc_david_3,
          nicolae_the_louvre, uniq_harold
D:12:     layout_rooms, serial_corexii_hall, corexii_hall_statues_x,
          chequers_hall_statues_wall_a, minivault_12
D:13:     layout_loops_ring, uniq_kirke
D:14:     layout_rooms, lightli_vaults_fourway_checkpoint, serial_shops,
          nicolae_shop_advertising_works [nicolae_subvault_shop_adworks],
          minivault_25, uniq_rupert
D:15:     grunt_enter_depths_hoard, layout_long_grid, uniq_agnes, uniq_louise,
          uniq_jorgrun
Lair:1:   layout_layer_cave, gammafunk_ghost_hive, columned_hall_lemuel
Lair:2:   layout_roguey, pond, uniq_maggie
Lair:3:   layout_layer_cave, nicolae_swamp_entry_splash_gauntlet,
          spider_nest_entry_webs, gammafunk_ghost_necromancy,
          portal_ice_cave_rime
Lair:4:   layout_gridlike, minmay_slime_entry_oklob_enclosed
Lair:5:   cheibrodos_lair_end_hotspot, layout_regular_city, lemuel_fruit_tree

Skill      XL: |  1  2  3  4  5  6  7  8  9 10 11 12 13 14 |
---------------+-------------------------------------------+-----
Dodging        | 3 4 5 7 9 10 12 13 15 18 20 | 20.9
Ranged Weapons | 5 6 7 9 10 11 13 14 16 18 | 18.0
Fighting       | 2 3 4 5 6 7 |  7.2
Invocations    | 1 4 6 9 10 | 10.0
Armour         | 1 2 |  2.1
Stealth        | |  1.5

Action                     |  1- 3 |  4- 6 |  7- 9 | 10-12 | 13-15 || total
---------------------------+-------+-------+-------+-------+-------++-------
   Fire: Shortbow          |    88 |   161 |   245 |       |       ||   494
         Orcbow            |       |       |    54 |   835 |   281 ||  1170
         Arbalest          |       |       |       |       |   655 ||   655
 Invoke: Finesse           |       |       |     1 |    11 |    12 ||    24
         Heroism           |       |       |     1 |     1 |       ||     2
         Receive Weapon    |       |       |       |       |     1 ||     1
         Receive Armour    |       |       |       |       |     1 ||     1
    Use: Scroll            |     5 |     6 |     8 |    12 |     7 ||    38
         Potion            |       |     3 |     1 |       |     2 ||     6
 Armour: Robe              |    13 |    19 |    21 |    36 |       ||    89
         Steam dragon scal |       |       |       |    41 |    58 ||    99
  Dodge: Dodged            |    27 |    68 |   107 |   403 |   541 ||  1146
  Block: Other             |       |     3 |    30 |    40 |       ||    73
         Reflection        |       |       |       |     2 |       ||     2

Table legend:
 A = Non-vault XP
 B = Vault XP
 C = Vault XP percentage of total XP
 D = Non-vault monster count
 E = Vault monster count
 F = Vault count percentage of total count
                 A         B        C        D         E       F
            +---------+---------+-------+---------+---------+-------
      Total |   83865 |   30321 |  26.6 |     433 |     138 |  24.2
            +---------+---------+-------+---------+---------+-------
        D:1 |      50 |       0 |   0.0 |      28 |       0 |   0.0
        D:2 |      93 |      42 |  31.1 |      17 |       5 |  22.7
        D:3 |     157 |      69 |  30.5 |      23 |      10 |  30.3
        D:4 |     156 |     319 |  67.2 |      15 |       2 |  11.8
        D:5 |     531 |       0 |   0.0 |      16 |       0 |   0.0
        D:6 |     962 |     886 |  47.9 |      30 |      15 |  33.3
        D:7 |    2046 |    2787 |  57.7 |      20 |      22 |  52.4
        D:8 |     971 |       0 |   0.0 |      18 |       0 |   0.0
        D:9 |    2100 |    1669 |  44.3 |      31 |       7 |  18.4
       D:10 |    1680 |    1052 |  38.5 |      17 |       5 |  22.7
       D:11 |    4522 |    2951 |  39.5 |      14 |      13 |  48.1
       D:12 |    9260 |       0 |   0.0 |      24 |       0 |   0.0
       D:13 |   12329 |    2149 |  14.8 |      26 |       5 |  16.1
       D:14 |   12810 |    8288 |  39.3 |      29 |      12 |  29.3
       D:15 |    3364 |       0 |   0.0 |      11 |       0 |   0.0
     Lair:1 |    3882 |       0 |   0.0 |      13 |       0 |   0.0
     Lair:2 |    7397 |    1411 |  16.0 |      25 |       6 |  19.4
     Lair:3 |    6817 |    1452 |  17.6 |      26 |       8 |  23.5
     Lair:4 |    3978 |    1077 |  21.3 |      19 |       2 |   9.5
     Lair:5 |   10760 |    6169 |  36.4 |      31 |      26 |  45.6
            +---------+---------+-------+---------+---------+-------
